 Dungeon Crawl Stone Soup version 0.26-a0-540-g8a0c9464d7 (webtiles) character file.

Game seed: 1707643515536168089

17404 kae the Grappler (level 12, -11/109 HPs)
             Began as a Demonspawn Berserker on Aug 17, 2020.
             Was an Elder of Trog.
             Killed from afar by a raiju (19 damage)
             ... with a living lightning
             ... on level 2 of the Abyss on Aug 18, 2020.
             The game lasted 00:17:28 (13068 turns).

kae the Grappler (Demonspawn Berserker)            Turns: 13068, Time: 00:17:28

Health: -11/109    AC: 18    Str: 27    XL:     12   Next: 18%
Magic:  0/12       EV: 12    Int: 11    God:    Trog [****..]
Gold:   909        SH:  0    Dex: 12    Spells: 11/11 levels left

rFire    . . .     SeeInvis .     - Unarmed
rCold    + . .     Faith    .   (no shield)
rNeg     . . .     Spirit   +   a - +1 animal skin
rPois    .         Reflect  .   (no helmet)
rElec    .         Harm     .   J - +0 cloak {rCorr}
rCorr    +                      I - +4 pair of gloves of the Accordion {MR+}
MR       +....                  A - +1 pair of boots
Stlth    +.........             c - amulet of guardian spirit
HPRegen  0.28/turn              y - +4 ring of protection
MPRegen  0.13/turn              m - +6 ring of strength

@: berserk cooldown, slowed, very slow
A: hooves 1, rugged brown scales 3, cold resistance 1, foul stench 1, rot
immunity, freezing cloud immunity
a: Berserk, Trog's Hand, Brothers in Arms, Renounce Religion


You were on level 2 of the Abyss.
You worshipped Trog.
Trog was greatly pleased with you.
You visited 2 branches of the dungeon, and saw 13 of its levels.
You visited the Abyss 1 time.

You collected 1025 gold pieces.
You spent 116 gold pieces at shops.

Inventory:

Hand Weapons
 f - a +4 whip
 n - a +0 dagger
 E - a +4 scimitar of flaming
Armour
 a - a +1 animal skin (worn)
 A - a +1 pair of boots (worn)
 I - the +4 pair of gloves of the Accordion (worn) {MR+}
   (You found it on level 10 of the Dungeon)

   It affects your resistance to hostile enchantments.
 J - a +0 cloak of preservation (worn)
Jewellery
 c - an amulet of guardian spirit (around neck)
 j - an uncursed ring of protection from cold
 l - an uncursed ring of ice
 m - a +6 ring of strength (right hand)
 v - an uncursed amulet of regeneration
 x - an uncursed ring of protection from magic
 y - a +4 ring of protection (left hand)
Wands
 b - a wand of paralysis (8)
 B - a wand of flame (27)
 D - a wand of polymorph (22)
Scrolls
 d - 7 scrolls of remove curse
 h - 3 scrolls of enchant armour
 p - 6 scrolls of identify
 q - 3 scrolls of teleportation
 r - 4 scrolls of magic mapping
 t - 3 scrolls of fog
 u - 3 scrolls of vulnerability
 C - a scroll of enchant weapon
 G - a scroll of blinking
Potions
 e - a potion of invisibility
 g - 5 potions of curing
 i - 7 potions of stabbing
 k - 2 potions of heal wounds
 z - a potion of might
 F - 3 potions of lignification
Miscellaneous
 H - a condenser vane (2/2)


   Skills:
 + Level 11.9 Fighting
 - Level 1.7 Armour
 - Level 1.7 Dodging
 * Level 14.7 Unarmed Combat


You had 11 spell levels left.
You didn't know any spells.
Your spell library was empty.

Dungeon Overview and Level Annotations

Branches:
Dungeon (11/15)            Temple (0/1) D:5            Lair (2/6) D:11
  Swamp: Lair:2-4    Shoals: Lair:2-4     Snake: Lair:2-4    Spider: Lair:2-4
    Orc: D:9-12

Altars:
Elyvilon
Gozag
Sif Muna
Trog

Shops:
D:7 ?   D:11 [*((

Annotations:
D:7 2 transporters
D:11 1 transporter, TrebMcFLY's ghost, journeyman OpIE
Lair:1 3 runed translucent doors, Gohezaip's ghost, journeyman MiFi
Lair:2 Sonja


Innate Abilities, Weirdness & Mutations

You have large cloven feet.
You are completely covered in rugged brown scales. (AC +3, +7% HP)
Your flesh is cold resistant. (rC+)
You may emit foul miasma when damaged in melee.
You are immune to rotting.
You are immune to freezing clouds.


Message History

The living lightning misses you.
The raiju blinks! x2
The thrashing horror closely misses you.
The thrashing horror tramples you but does no damage.
A raiju comes into view.
The raiju barks!
You hit the thrashing horror but do no damage.
The thrashing horror is severely damaged.
The thrashing horror tramples you.
* * * LOW HITPOINT WARNING * * *
You stumble backwards!
The raiju bursts into living lightning!
The living lightning hits you.
* * * LOW HITPOINT WARNING * * *
The raiju blinks!
The raiju bursts into living lightning!
The living lightning hits the raiju.
The raiju completely resists.
The living lightning misses you.
The raiju blinks! x2
The raiju bursts into living lightning!
The living lightning hits you!!
You die...

...### ... ..
#..#####.###...
#h.(....#......
..............
##...........#
#..#.........#...
##.#.#...........
##.....@...##∩.#
#......hh......#
#..)#..X..#....#
### #..........#
##.......h..#
#####.###..§. #.#
#..#. .## ... #
.#.


You could see a thrashing horror (strong) and 4 raiju.

Vanquished Creatures
  Erolcha (D:11)
  Harold (D:7)
  3 hydras
  2 two-headed ogres
  Erica (D:9)
  Nergalle (Lair:1)
  Pikel (D:7)
  An ugly thing (D:11)
  A cyclops (D:11)
  A black mamba (Lair:1)
  Maurice (D:10)
  2 komodo dragons
  4 trolls
  2 hippogriffs
  2 wraiths
  8 yaks
  Eustachio (D:5)
  2 basilisks
  Edmund (D:5)
  4 water moccasins
  Duvessa (D:5)
  A porcupine (Lair:1)
  2 orc warriors
  3 sky beasts
  An ice beast (D:7)
  A black bear (D:5)
  4 phantoms
  An eye of draining (D:9)
  2 necrophages
  8 ogres
  7 centaurs
  2 lemures (D:7)
  7 crocodiles
  8 bullfrogs
  A gnoll sergeant (D:8)
  Dowan (D:5)
  A scorpion (D:4)
  3 wights (D:10)
  2 jellies
  A bullfrog zombie (D:8)
  7 hounds
  2 orc priests (D:10)
  9 orc wizards
  2 bullfrog skeletons
  2 centaur skeletons (D:7)
  An iguana (D:9)
  Ijyb (D:5)
  8 worker ants
  A hound zombie (D:8)
  A hound skeleton (D:7)
  A howler monkey zombie (D:10)
  A worker ant zombie (D:11)
  16 adders
  21 gnolls
  A shadow imp (D:8)
  A white imp (D:7)
  3 adder zombies (D:8)
  2 worms
  A dart slug (D:2)
  5 leopard geckos
  22 orcs
  11 bats
  8 giant cockroaches
  7 goblins
  3 hobgoblins
  2 jackals (D:6)
  4 quokkas
  A ball python (D:6)
  4 frilled lizards
  A jackal zombie (D:6)
  5 kobolds
  A leopard gecko zombie (D:7)
  8 rats
260 creatures vanquished.

Vanquished Creatures (others)
  22 plants (D:11)
22 creatures vanquished.

Grand Total: 282 creatures vanquished

Notes
Turn   | Place    | Note
-------+----------+-------------------------------------------
     0 | D:1      | kae the Demonspawn Berserker began the quest for the Orb.
     0 | D:1      | Reached XP level 1. HP: 18/18 MP: 1/1
   238 | D:1      | Reached skill level 3 in Unarmed Combat
   387 | D:1      | Gained mutation: You are partially covered in rugged brown
                  | scales. (AC +1, +3% HP) [demonic ancestry]
   387 | D:1      | Reached XP level 2. HP: 15/24 MP: 2/2
   908 | D:2      | Gained mutation: Your flesh is cold resistant. (rC+)
                  | [demonic ancestry]
   908 | D:2      | Reached XP level 3. HP: 16/29 MP: 3/3
  1195 | D:2      | Reached ** piety under Trog
  1468 | D:2      | Reached skill level 4 in Unarmed Combat
  1488 | D:2      | Found an opulent altar of Gozag.
  1497 | D:2      | Gained mutation: You have large cloven feet. [demonic
                  | ancestry]
  1497 | D:2      | Reached XP level 4. HP: 38/38 MP: 4/4
  2459 | D:3      | Found a faded altar of an unknown god.
  2477 | D:3      | Gained mutation: You are immune to rotting. [demonic
                  | ancestry]
  2477 | D:3      | Reached XP level 5. HP: 43/43 MP: 5/5
  2613 | D:3      | Found a shimmering blue altar of Sif Muna.
  2614 | D:3      | Found a white marble altar of Elyvilon.
  3058 | D:4      | Reached skill level 5 in Unarmed Combat
  3330 | D:4      | Found a bloodstained altar of Trog.
  3701 | D:5      | Entered Level 5 of the Dungeon
  3701 | D:5      | Noticed a water moccasin
  3707 | D:5      | Killed a water moccasin
  3707 | D:5      | Gained mutation: You are mostly covered in rugged brown
                  | scales. (AC +2, +5% HP) [demonic ancestry]
  3707 | D:5      | Reached XP level 6. HP: 51/51 MP: 6/6
  3814 | D:5      | Reached skill level 5 in Fighting
  3820 | D:5      | Noticed Edmund
  3820 | D:5      | Noticed Dowan
  3820 | D:5      | Noticed Duvessa
  3840 | D:5      | Killed Edmund
  3840 | D:5      | Reached skill level 6 in Unarmed Combat
  3840 | D:5      | Reached XP level 7. HP: 58/58 MP: 7/7
  3843 | D:5      | Killed Duvessa
  3853 | D:5      | Killed Dowan
  4196 | D:5      | Reached skill level 7 in Unarmed Combat
  4216 | D:5      | Noticed Eustachio
  4222 | D:5      | Noticed Ijyb
  4229 | D:5      | Killed Ijyb
  4265 | D:5      | Killed Eustachio
  4265 | D:5      | Gained mutation: You are completely covered in rugged brown
                  | scales. (AC +3, +7% HP) [demonic ancestry]
  4265 | D:5      | Reached XP level 8. HP: 46/68 MP: 8/8
  4432 | D:5      | Found a staircase to the Ecumenical Temple.
  4651 | D:5      | Reached skill level 8 in Unarmed Combat
  5169 | D:6      | Reached *** piety under Trog
  5535 | D:7      | Noticed Harold
  5557 | D:7      | Killed Harold
  5557 | D:7      | Reached skill level 9 in Unarmed Combat
  5557 | D:7      | Reached XP level 9. HP: 78/78 MP: 0/9
  5689 | D:7      | Found a transporter.
  5822 | D:7      | Noticed Pikel
  5848 | D:7      | Killed Pikel
  5848 | D:7      | Reached skill level 10 in Unarmed Combat
  6107 | D:7      | Found Xexelig's Magic Scroll Shoppe.
  6118 | D:7      | Bought a scroll of identify for 26 gold pieces
  6118 | D:7      | Bought a scroll of identify for 26 gold pieces
  6118 | D:7      | Bought a scroll of identify for 26 gold pieces
  6142 | D:7      | Found a transporter.
  6487 | D:8      | Reached **** piety under Trog
  6562 | D:8      | Noticed a two-headed ogre
  6568 | D:8      | Killed a two-headed ogre
  6568 | D:8      | Reached skill level 11 in Unarmed Combat
  6568 | D:8      | Gained mutation: You may emit foul miasma when damaged in
                  | melee. [demonic ancestry]
  6568 | D:8      | Reached XP level 10. HP: 88/88 MP: 10/10
  6789 | D:8      | Found a bloodstained altar of Trog.
  7488 | D:9      | Noticed Erica
  7499 | D:9      | Killed Erica
  7499 | D:9      | Reached skill level 12 in Unarmed Combat
  8244 | D:10     | Entered Level 10 of the Dungeon
  8286 | D:10     | Reached ***** piety under Trog
  8286 | D:10     | Reached skill level 10 in Fighting
  8725 | D:10     | Got a pair of steaming gloves
  8736 | D:10     | Identified the +4 pair of gloves of the Accordion {MR+}
                  | (You found it on level 10 of the Dungeon)
  8738 | D:10     | Noticed a two-headed ogre
  8747 | D:10     | Killed a two-headed ogre
  8747 | D:10     | Reached XP level 11. HP: 83/98 MP: 8/11
  8838 | D:10     | Noticed Maurice
  8854 | D:10     | Killed Maurice
  9049 | D:11     | Found Otakuh's Armour Shoppe.
  9050 | D:11     | Noticed a five-headed hydra
  9056 | D:11     | Reached skill level 13 in Unarmed Combat
  9062 | D:11     | Killed a five-headed hydra
  9065 | D:11     | Received a gift from Trog
  9097 | D:11     | Found a transporter.
  9097 | D:11     | Noticed TrebMcFLY's ghost (journeyman OpIE)
  9101 | D:11     | Noticed a two-headed ogre
  9182 | D:11     | Found a transporter.
  9257 | D:11     | Noticed a red ugly thing
  9278 | D:11     | Killed a red ugly thing
  9765 | D:11     | Found Necrod's Antique Weapon Shoppe.
  9775 | D:11     | Found Uful's Assorted Antiques.
  9809 | D:11     | Bought a scroll of identify for 38 gold pieces
  9820 | D:11     | Noticed Erolcha
  9829 | D:11     | Killed Erolcha
 10100 | D:11     | Found a staircase to the Lair.
 10142 | D:11     | Noticed a five-headed hydra
 10151 | D:11     | Killed a five-headed hydra
 10155 | D:11     | Reached skill level 14 in Unarmed Combat
 10250 | D:11     | Found Duedid's Antique Weapon Shoppe.
 10921 | Lair:1   | Entered Level 1 of the Lair of Beasts
 11823 | Lair:1   | Found a runed translucent gate.
 11824 | Lair:1   | Found a runed translucent gate.
 11859 | Lair:1   | Gained mutation: You are immune to freezing clouds.
                  | [demonic ancestry]
 11859 | Lair:1   | Reached XP level 12. HP: 83/107 MP: 7/12
 12147 | Lair:1   | Found a runed translucent gate.
 12153 | Lair:1   | Noticed Gohezaip's ghost (journeyman MiFi)
 12259 | Lair:1   | Noticed Nergalle
 12270 | Lair:1   | Killed Nergalle
 12772 | Lair:2   | Noticed an eight-headed hydra
 12782 | Lair:2   | Killed an eight-headed hydra
 12983 | Lair:2   | Noticed Sonja
 13003 | Lair:2   | HP: 5/109 [Sonja/+1 short sword of distortion (15)]
 13008 | Lair:2   | Cast into level 2 of the Abyss (Sonja)
 13068 | Abyss:2  | Killed from afar by a raiju

Illustrated notes

Levels and vault maps discovered:
D:1:      dpeg_arrival_round_c, layout_rooms
D:2:      layout_rooms, old_standard_altar, item_on_display_a
D:3:      layout_basic, gammafunk_temple_overflow_statue,
          chequers_ecumenical_altar_simple_redux
D:4:      layout_loops_ring, bloody_trog
D:5:      black_bear_nest_1, layout_loops_ring,
          minmay_temple_entry_glassed_door, uniq_eustachio, uniq_ijyb,
          uniq_edmund, uniq_duvessa
D:6:      layout_basic
D:7:      gammafunk_steamed_eel, layout_rooms, serial_shops, shop,
          grunt_ministairs_14, uniq_harold, uniq_pikel
D:8:      layout_basic, basic_altar
D:9:      lemuel_ice_spiral_2, layout_irregular_city, uniq_erica
D:10:     layout_basic, hangedman_glass_teeth, uniq_maurice
D:11:     minmay_general_purpose_star, layout_rooms, david_lair_shrubbed,
          gammafunk_ghost_arena, serial_shops, shop, shop, shop,
          nicolae_shop_statue_plus, uniq_erolcha
Lair:1:   layout_chaotic_city, gammafunk_ghost_split, uniq_nergalle
Lair:2:   layout_hall_layers, uniq_sonja
Abyss:2:  base: D:14, evilmike_abyss_exit_9, base:
D:14

Skill      XL: |  1  2  3  4  5  6  7  8  9 10 11 |
---------------+----------------------------------+-----
Unarmed Combat | 3 4 5 6 7 9 11 12 14 | 14.7
Fighting       | 4 5 6 7 9 10 11 | 11.9
Armour         | |  1.7
Dodging        | |  1.7

Action                   |  1- 3 |  4- 6 |  7- 9 | 10-12 || total
-------------------------+-------+-------+-------+-------++-------
Melee: Unarmed           |    36 |       |   246 |   528 ||   810
       Whip              |    60 |   105 |     8 |       ||   173
       Kick              |       |    25 |    82 |    10 ||   117
       Punch             |       |     3 |    10 |    34 ||    47
Invok: Berserk           |     4 |     4 |     4 |     5 ||    17
       Trog's Hand       |       |     2 |     2 |     8 ||    12
  Use: Scroll            |     3 |    12 |     6 |     6 ||    27
       Potion            |       |       |       |     3 ||     3
 Stab: Sleeping          |     2 |       |       |       ||     2
Armor: Animal skin       |    51 |    24 |   103 |   216 ||   394
Dodge: Dodged            |    83 |    80 |   116 |   253 ||   532

Table legend: (Time is in decaauts)
 A = Elapsed time spent in this place.
 B = Non-inter-level travel time spent in this place.
 C = Inter-level travel time spent in this place.
 D = Time resting spent in this place.
 E = Time spent auto-exploring this place.
 F = Levels seen in this place.
 G = Mean time per level.
                   A        B        C        D        E       F      G
               +--------+--------+--------+--------+--------+-----+--------+
         Total |  13076 |  12774 |    302 |   2919 |   7996 |  14 |  934.0 |
       Dungeon |  10920 |  10633 |    287 |   2412 |   6563 |  11 |  992.7 |
          Lair |   2071 |   2057 |     14 |    479 |   1392 |   2 | 1035.5 |
         Abyss |     85 |     85 |      0 |     27 |     40 |   1 |   85.0 |
               +--------+--------+--------+--------+--------+-----+--------+

Top non-repeatable levels by time:
    D:11: 1816 daAuts
  Lair:1: 1612 daAuts
     D:5: 1447 daAuts
     D:2: 1187 daAuts
     D:1: 1133 daAuts
     D:9: 1078 daAuts
     D:7: 844 daAuts
     D:8: 811 daAuts
    D:10: 783 daAuts
     D:3: 763 daAuts
     D:4: 682 daAuts
  Lair:2: 458 daAuts
     D:6: 371 daAuts
 Abyss:2: 85 daAuts
